 Dungeon Crawl Stone Soup version 0.21.0-3-g78d12a8 (webtiles) character file.

601 Mgcat the Sneak (level 7, -1/46 HPs)
             Began as an Octopode Berserker on Jan 11, 2018.
             Was a Priest of Trog.
             Killed from afar by an orc wizard (7 damage)
             ... with a magic dart
             ... on level 5 of the Dungeon.
             The game lasted 00:11:10 (4686 turns).

Mgcat the Sneak (Octopode Berserker)                Turns: 4686, Time: 00:11:12

Health: -1/46      AC:  1    Str: 17    XL:     7   Next: 41%
Magic:  7/7        EV: 14    Int: 13    God:    Trog [***...]
Gold:   171        SH:  0    Dex: 13    Spells: 6/6 levels left

rFire    . . .     SeeInvis .   c - +0 war axe (curse)
rCold    . . .     Gourm    .   (no shield)
rNeg     . . .     Faith    .   (helmet restricted)
rPois    +         Spirit   .   (no amulet)
rElec    .         Reflect  .   n - ring of poison resistance
rCorr    .         Harm     .   q - +4 ring of intelligence
MR       ++...                  (no ring)
Stlth    +++++.....             (no ring)
HPRegen  1.15/turn              (no ring)
MPRegen  0.10/turn              (no ring)
                                (no ring)
                                (no ring)

@: regenerating, slowed, very slow
A: almost no armour, stealthy swim, amphibious, 8 rings, constrict 8, camouflage
1, gelatinous body 1
a: Berserk, Trog's Hand, Burn Spellbooks, Renounce Religion


You were on level 5 of the Dungeon.
You worshipped Trog.
Trog was most pleased with you.
You were near starving.

You visited 1 branch of the dungeon, and saw 5 of its levels.

You collected 171 gold pieces.

Inventory:

Hand Weapons
 a - a +0 hand axe
 c - a cursed +0 war axe (weapon)
Jewellery
 n - a ring of poison resistance (left tentacle)
 q - a +4 ring of intelligence (right tentacle)
Wands
 r - a wand of polymorph (19)
 s - a wand of acid (6)
Scrolls
 d - 8 scrolls of teleportation {unknown}
 e - 5 scrolls of identify {unknown}
 h - 2 scrolls of fear {unknown}
 i - 2 scrolls of remove curse {unknown}
 j - 3 scrolls of enchant armour {unknown}
 k - a scroll of fog {unknown}
 o - a scroll of magic mapping {unknown}
 t - a scroll of amnesia {unknown}
Potions
 f - 3 potions of curing {unknown}
 g - 2 potions of haste {unknown}
 l - 2 potions of magic {unknown}
 m - a potion of lignification {unknown}
 p - a potion of degeneration {unknown}
 u - a potion of mutation {unknown}
 v - a potion of flight {unknown}
Comestibles
 b - 11 rations


   Skills:
 - Level 3.0 Fighting
 + Level 6.2 Axes
 - Level 3.0 Dodging
 + Level 7.6 Stealth


You had 6 spell levels left.
You didn't know any spells.

Dungeon Overview and Level Annotations

Branches:
Dungeon (5/15)             Temple (0/1) D:4

Altars:
Dithmenos
Makhleb


Innate Abilities, Weirdness & Mutations

You cannot wear most types of armour.
You are very stealthy in the water. (Stealth+)
You are amphibious.
You can wear up to eight rings at the same time.
You can use your tentacles to constrict eight enemies at once.
Your skin changes colour to match your surroundings (Stealth+).
Your rubbery body absorbs attacks. (AC +1, EV +1)


Message History

You hit the orc priest.
The orc wizard hits you but does no damage.
The orc priest calls down the wrath of Beogh upon you.
Beogh smites you! The orc wizard hits you with a dagger.
* * * LOW HITPOINT WARNING * * *
You closely miss the orc wizard. Your grab misses the orc wizard.
Your squeeze misses the orc wizard.
The orc wizard is moderately wounded.
You closely miss the orc priest. The orc priest hits you with a flail.
* * * LOW HITPOINT WARNING * * *
The orc wizard barely misses you. The orc priest closely misses you.
The orc wizard hits you with a dagger.
* * * LOW HITPOINT WARNING * * *
Your skin crawls.
You feel resistant to hostile enchantments.
You are near starving!
The orc priest casts a cantrip, but nothing happens.
The orc wizard casts a spell at you. The magic dart hits you!
You die...

#... #..# #..#
#..# #..###
######....#####
......oow......
#@)# #..# #..#
#######.<#
.........#####.
#.###..........
##### #.#
#....######
#...# #.#
#.####
###..<###.# #.#


You could see a worm, an orc priest and an orc wizard.

Vanquished Creatures
  An ogre (D:4)
  A howler monkey (D:4)
  The ghost of komo4ek the Sneak, a weakling SpEn (D:3)
  2 orc priests
  Terence (D:3)
  An iguana (D:4)
  4 orc wizards (D:4)
  3 worker ants (D:4)
  Robin (D:3)
  2 adders
  An adder skeleton (D:4)
  3 worms (D:2)
  2 dart slugs
  5 leopard geckos
  16 orcs
  3 ball pythons
  22 goblins
  7 hobgoblins
  6 jackals
  2 quokkas
  7 bats
  3 frilled lizards (D:3)
  14 kobolds
  A quokka skeleton (D:4)
  10 rats
119 creatures vanquished.

Notes
Turn   | Place    | Note
-------+----------+-------------------------------------------
     0 | D:1      | Mgcat the Octopode Berserker began the quest for the Orb.
     0 | D:1      | Reached XP level 1. HP: 16/16 MP: 1/1
    60 | D:1      | Reached skill level 1 in Stealth
   195 | D:1      | Reached XP level 2. HP: 21/21 MP: 2/2
   331 | D:1      | Reached skill level 2 in Stealth
   687 | D:1      | Reached XP level 3. HP: 26/26 MP: 3/3
  1196 | D:2      | Reached ** piety under Trog
  1450 | D:2      | Reached skill level 3 in Stealth
  1534 | D:2      | Reached XP level 4. HP: 19/31 MP: 4/4
  1899 | D:3      | Noticed komo4ek's ghost (weakling SpEn)
  1906 | D:3      | Killed komo4ek's ghost
  1906 | D:3      | Reached skill level 4 in Stealth
  1980 | D:3      | Found a shadowy altar of Dithmenos.
  2081 | D:3      | Noticed Robin
  2093 | D:3      | Killed Robin
  2093 | D:3      | Reached XP level 5. HP: 33/36 MP: 5/5
  2330 | D:3      | Reached skill level 5 in Stealth
  2595 | D:3      | Noticed Terence
  2602 | D:3      | Killed Terence
  2950 | D:3      | Reached skill level 5 in Axes
  3236 | D:4      | Reached XP level 6. HP: 40/42 MP: 6/6
  3241 | D:4      | Reached *** piety under Trog
  3278 | D:4      | Reached skill level 6 in Stealth
  3977 | D:4      | Reached XP level 7. HP: 45/46 MP: 7/7
  3979 | D:4      | Reached skill level 7 in Stealth
  4472 | D:4      | Found a burning altar of Makhleb.
  4530 | D:4      | Found a staircase to the Ecumenical Temple.
  4592 | D:5      | Entered Level 5 of the Dungeon
  4686 | D:5      | Killed from afar by an orc wizard

Skill      XL: |  1  2  3  4  5  6  7 |
---------------+----------------------+-----
Stealth        | 1 2 3 4 5 6 7 |  7.6
Axes           | 4 5 6 |  6.2
Fighting       | |  3.0
Dodging        | |  3.0

Action                   |  1- 3 |  4- 6 |  7- 9 || total
-------------------------+-------+-------+-------++-------
Melee: Hand axe          |    75 |   116 |       ||   191
       Constrict         |    18 |    35 |     4 ||    57
       Tentacles         |    11 |    27 |     4 ||    42
       War axe           |       |     4 |    24 ||    28
Invok: Berserk           |     1 |     6 |     1 ||     8
       Trog's Hand       |       |     4 |     1 ||     5
       Burn Spellbooks   |       |       |     1 ||     1
 Stab: Sleeping          |    13 |     8 |     2 ||    23
  Eat: Chunk             |     3 |    14 |     2 ||    19
Armor: Skin              |     3 |     5 |       ||     8
Dodge: Dodged            |    56 |    77 |    12 ||   145
